 Dungeon Crawl Stone Soup version 0.27-a0-1140-g099f9bb0e8 (webtiles) character file.

Game seed: 12170091530631964175

5035 leviel the Cleaver (level 10, -1/94 HPs)
             Began as a Minotaur Fighter on May 9, 2021.
             Incinerated by a smoke demon (5 damage)
             ... with a sticky flame
             ... on level 9 of the Dungeon.
             The game lasted 00:11:22 (10419 turns).

leviel the Cleaver (Minotaur Fighter)              Turns: 10419, Time: 00:11:22

Health: -1/94      AC: 15    Str: 24      XL:     10   Next: 30%
Magic:  9/9        EV:  4    Int:  5      God:
Gold:   282        SH:  9    Dex:  8 (10) Spells: 9/9 levels left

rFire    . . .     SeeInvis +   a - +0 war axe
rCold    . . .     Faith    .   c - +0 kite shield
rNeg     . . .     Spirit   .   q - +0 plate armour
rPois    .         Reflect  .   (helmet restricted)
rElec    .         Harm     .   I - +0 cloak
rCorr    .         Rampage  .   (no gloves)
Will     .....                  t - +0 pair of boots
Stlth    ..........             (no amulet)
HPRegen  0.25/turn              p - ring of flight
MPRegen  0.11/turn              s - ring of see invisible

@: on fire, flying, glowing
A: horns 2, retaliatory headbutt
a: no special abilities


You were on level 9 of the Dungeon.
You visited 2 branches of the dungeon, and saw 10 of its levels.
You also visited: Ossuary.

You collected 282 gold pieces.

Inventory:

Hand Weapons
 a - a +0 war axe (weapon)
Armour
 c - a +0 kite shield (worn)
 q - a +0 plate armour (worn)
 t - a +0 pair of boots (worn)
 I - a +0 cloak (worn)
Jewellery
 p - a ring of flight (left hand)
 s - a ring of see invisible (right hand)
 C - a ring of positive energy
 G - a +6 ring of strength
Wands
 o - a wand of polymorph (2)
 y - a wand of paralysis (10)
 A - a wand of charming (6)
Scrolls
 e - 3 scrolls of teleportation {unknown}
 f - 4 scrolls of enchant armour {unknown}
 g - 2 scrolls of brand weapon {unknown}
 h - a scroll of immolation {unknown}
 i - 10 scrolls of identify {unknown}
 j - a scroll of fear {unknown}
 n - 3 scrolls of noise {unknown}
 r - a scroll of amnesia {unknown}
 u - 2 scrolls of fog {unknown}
 w - a scroll of enchant weapon {unknown}
 D - a scroll of holy word {unknown}
 E - a scroll of vulnerability {unknown}
 J - a scroll of blinking {unknown}
Potions
 b - 3 potions of resistance {unknown}
 d - 3 potions of might
 k - a potion of magic {unknown}
 m - a potion of invisibility {unknown}
 v - 4 potions of mutation {unknown}
 x - 2 potions of haste {unknown}
 z - a potion of attraction {unknown}
 B - a potion of lignification {unknown}
 F - a potion of heal wounds {unknown}
 H - 2 potions of brilliance {unknown}


   Skills:
 + Level 10.6 Fighting
 * Level 13.8 Axes
 + Level 6.4 Armour
 - Level 3.6 Shields


You had 9 spell levels left.
You didn't know any spells.
Your spell library contained the following spells:

 Spells                   Type           Power      Damage    Failure   Level
 Animate Skeleton         Necr           0%         N/A       100%        1
 Apportation              Tloc           0%         N/A       100%        1
 Corona                   Hex            0%         N/A       100%        1
 Magic Dart               Conj           0%         1d3       100%        1
 Pain                     Necr           0%         1d4       100%        1
 Summon Small Mammal      Summ           0%         N/A       100%        1
 Blink                    Tloc           N/A        N/A       100%        2
 Call Imp                 Summ           0%         N/A       100%        2
 Corpse Rot               Necr/Air       N/A        N/A       100%        2
 Searing Ray              Conj           0%         3d3       100%        2
 Slow                     Hex            0%         N/A       100%        2
 Static Discharge         Conj/Air       0%         N/A       100%        2
 Conjure Flame            Conj/Fire      0%         6-21      100%        3
 Dazzling Flash           Conj/Hex       0%         N/A       100%        3
 Mephitic Cloud           Conj/Pois/Air  0%         N/A       100%        3
 Vampiric Draining        Necr           0%         2d6       100%        3
 Animate Dead             Necr           0%         N/A       100%        4
 Fulminant Prism          Conj/Hex       0%         3d6       100%        4
 Iskenderun's Mystic Bla  Conj/Tloc      0%         2d3       100%        4
 Agony                    Necr           0%         N/A       100%        5
 Ignition                 Fire           0%         3d3       100%        8


Dungeon Overview and Level Annotations

Branches:
Dungeon (9/15)             Temple (1/1) D:4            Lair (0/6) D:8
Ossuary (visited)
    Orc: D:9-12

Altars:
Ashenzari
Cheibriados
Dithmenos
Elyvilon
Fedhas
Gozag
Hepliaklqana
Makhleb
Nemelex Xobeh
Ru
Sif Muna
Trog
Uskayaw
Vehumet
Wu Jian
Xom
Yredelemnul
Zin
The Shining One

Shops:
D:5 (

Annotations:
D:5 2 transporters


Innate Abilities, Weirdness & Mutations

You have a pair of horns on your head.
You reflexively headbutt those who attack you in melee.


Message History

The kobold demonologist gestures wildly while chanting.
The red devil disappears in a puff of smoke!
The quasit bites you but does no damage.
You block the quasit's attack. The quasit claws you.
* * * LOW HITPOINT WARNING * * *
The kobold demonologist looks satisfied for a moment.
The ice devil disappears in a puff of smoke!
You feel better.
The quasit bites you but does no damage.
You block the quasit's attack.
The quasit claws you but does no damage.
The white imp hits you but does no damage.
The kobold demonologist looks braver for a moment.
The quasit bites you but does no damage.
You block the quasit's attack.
The quasit claws you but does no damage.
The quasit bites you but does no damage.
You block the quasit's attack. x2
The white imp spits at you. You block the quasit's attack. x2
The quasit claws you but does no damage.
The kobold demonologist mumbles some strange words.
The kobold demonologist casts a spell.
The quasit disappears in a puff of smoke!
You block the white imp's attack.
Your shield prevents you from hitting the white imp.
The white imp hits you but does no damage.
You hit the white imp. You headbutt the white imp!
You kill the white imp!
The smoke demon gestures at you. Something smites you!
* * * LOW HITPOINT WARNING * * *
The smoke demon gestures at you. The sticky flame hits you.
You are covered in liquid flames!
* * * LOW HITPOINT WARNING * * *
You are covered in liquid flames!
* * * LOW HITPOINT WARNING * * *
You are covered in liquid flames!
You die...

# #.# ......#..#..# # #.#
.._...^.....####### # #.#
......#...........# # #.#
......#.##..###.#.# ###.#
..... #.##..##....#
###...####^####...)......##
#....)..........##......##
#.#.##.....###.###..8..##
..........## ##@.......#
#........###..#.....##
#.........#.#.#.....#
#.#.##.#...#.##.#......
#......#...####3.......#
###........3Kh.........#
######.######........ #...#
####..8.. #...# #....


You could see a smoke demon (summoned).

Vanquished Creatures
  The ghost of leviel the Severer, a novice MiFi of Zin (D:6)
  A manticore (D:9)
  A hornet (D:9)
  6 yaks (D:8)
  2 steam dragons (D:8)
  Menkaure (Ossuary)
  2 water moccasins
  A black bear (D:4)
  An ice beast (D:6)
  2 necrophages (D:7)
  3 ogres
  3 phantoms
  A bullfrog (D:6)
  A wyvern zombie (D:8)
  2 scorpions (D:4)
  A water moccasin skeleton (D:5)
  9 killer bees
  2 wights (D:8)
  2 howler monkeys
  A bullfrog zombie (D:6)
  4 hounds
  A bullfrog skeleton (D:6)
  A centaur skeleton (D:7)
  Jessica (D:3)
  2 iguanas
  An orc wizard (D:4)
  Natasha (thrice) (D:4)
  Terence (D:2)
  A killer bee zombie (D:8)
  3 mummies (Ossuary)
  A hound skeleton (D:5)
  A howler monkey zombie (D:6)
  10 gnolls
  13 adders
  3 shadow imps
  A white imp (D:7)
  An ufetubus (D:5)
  2 worms
  2 dart slugs
  10 orcs
  2 bats
  9 endoplasms
  A giant cockroach (D:3)
  3 goblins
  10 hobgoblins
  7 jackals
  2 quokkas
  A ball python (D:4)
  3 frilled lizards
  2 gnoll skeletons (Ossuary)
  7 gnoll zombies (Ossuary)
  4 goblin skeletons (Ossuary)
  A hobgoblin skeleton (Ossuary)
  2 hobgoblin zombies (Ossuary)
  4 kobolds
  7 kobold skeletons (Ossuary)
  7 kobold zombies (Ossuary)
  5 orc skeletons (Ossuary)
  3 orc zombies (Ossuary)
  4 rat skeletons (Ossuary)
  6 rat zombies (Ossuary)
195 creatures vanquished.

Vanquished Creatures (others)
  A wight (D:8)
  A goblin skeleton (Ossuary)
  A hobgoblin skeleton (Ossuary)
3 creatures vanquished.

Grand Total: 198 creatures vanquished

Notes
Turn   | Place    | Note
-------+----------+-------------------------------------------
     0 | D:1      | leviel the Minotaur Fighter began the quest for the Orb.
     0 | D:1      | Reached XP level 1. HP: 19/19 MP: 0/0
   640 | D:1      | Reached skill level 3 in Axes
   699 | D:2      | Reached XP level 2. HP: 22/27 MP: 1/1
   777 | D:2      | Found a faded altar of an unknown god.
   849 | D:2      | Reached XP level 3. HP: 33/33 MP: 2/2
   903 | D:2      | Reached skill level 4 in Axes
  1021 | D:2      | Noticed Terence
  1027 | D:2      | Killed Terence
  1032 | D:2      | Reached XP level 4. HP: 36/41 MP: 3/3
  1044 | D:2      | Reached skill level 5 in Axes
  1302 | D:2      | You fall into a shaft and drop 1 floor!
  1391 | D:3      | Noticed a phantom
  1399 | D:3      | Killed a phantom
  1400 | D:3      | Reached skill level 5 in Fighting
  1400 | D:3      | Reached skill level 6 in Axes
  1400 | D:3      | Reached XP level 5. HP: 24/48 MP: 4/4
  1672 | D:3      | Found a glowing silver altar of Zin.
  1672 | D:3      | Found a shimmering altar of Xom.
  1672 | D:3      | Noticed an angel
  1892 | D:3      | Noticed Jessica
  1894 | D:3      | Killed Jessica
  1895 | D:3      | Reached XP level 6. HP: 56/56 MP: 5/5
  2167 | D:4      | Reached skill level 7 in Axes
  2348 | D:4      | Noticed Natasha
  2352 | D:4      | Killed Natasha
  2353 | D:4      | Found a sacrificial altar of Ru.
  2402 | D:4      | Noticed Natasha
  2408 | D:4      | Killed Natasha
  2539 | D:4      | Reached XP level 7. HP: 57/64 MP: 6/6
  2580 | D:4      | Noticed Natasha
  2584 | D:4      | Killed Natasha
  2713 | D:4      | Found a staircase to the Ecumenical Temple.
  2719 | D:4      | Reached skill level 8 in Axes
  2756 | Temple   | Entered the Ecumenical Temple
  2922 | D:4      | HP: 1/64 [poisoned by a scorpion]
  3659 | D:5      | Entered Level 5 of the Dungeon
  3721 | D:5      | Reached skill level 9 in Axes
  3946 | D:5      | Found a sparkling altar of Nemelex Xobeh.
  3972 | D:5      | Found a transporter.
  4023 | D:5      | Found Wugrer's Antique Weapon Boutique.
  4036 | D:5      | Reached XP level 8. HP: 65/73 MP: 7/7
  4132 | D:5      | Found a transporter.
  4647 | D:6      | Found a sand-covered staircase.
  4656 | Ossuary  | Entered an ossuary
  4912 | Ossuary  | Noticed Menkaure
  4917 | Ossuary  | Killed Menkaure
  4918 | Ossuary  | Reached skill level 10 in Axes
  5166 | D:6      | Found a runed translucent door.
  5169 | D:6      | Noticed leviel's ghost (novice MiFi)
  5317 | D:6      | Killed leviel's ghost
  5318 | D:6      | Reached skill level 11 in Axes
  5318 | D:6      | Reached XP level 9. HP: 18/82 MP: 8/8
  5825 | D:6      | Found a basalt altar of Yredelemnul.
  5825 | D:6      | Found a blossoming altar of Fedhas.
  6320 | D:6      | Found a hazy altar of Hepliaklqana.
  6401 | D:6      | Reached skill level 12 in Axes
  7605 | D:8      | Found a snail-covered altar of Cheibriados.
  8253 | D:8      | Found a staircase to the Lair.
  8330 | D:7      | HP: 4/85 [killer bee (2)]
  8684 | D:8      | Reached skill level 5 in Armour
  8930 | D:8      | Reached skill level 10 in Fighting
  8930 | D:8      | Reached skill level 13 in Axes
  9136 | D:8      | Reached XP level 10. HP: 87/93 MP: 9/9
  9675 | D:9      | Found a glowing golden altar of the Shining One.
 10054 | D:9      | Identified the Compendium of Feathers and Heat
 10107 | D:9      | Noticed a manticore
 10114 | D:9      | Killed a manticore
 10405 | D:9      | Noticed a smoke demon
 10406 | D:9      | Noticed a smoke demon
 10418 | D:9      | HP: 4/94 [burnt (5)]
 10419 | D:9      | Incinerated by a smoke demon

Illustrated notes

Levels and vault maps discovered:
D:1:      scummos_arrival_star, layout_loops_ring,
          chequers_serial_rivers_micro_b
D:2:      layout_loops_ring, hellmonk_ecumenical_altar_pennies_from_heaven,
          uniq_terence
D:3:      layout_loops_ring, grunt_temple_overflow_order_and_chaos_1,
          serial_glass, glass_columns_a, glass_columns_c, uniq_jessica
D:4:      layout_loops_ring, nicolae_ru_sacrificial_ziggurat,
          minmay_temple_entry_junction, uniq_natasha
D:5:      gammafunk_wand_slinger, layout_basic, nemelex_spade_bored_becter,
          serial_shops, shop
D:6:      layout_loops_corners, nicolae_overflow_hidden_temple,
          ebering_ghost_sewer_d, lightli_ossuary_entry_decrepit_ruins,
          minivault_24
D:7:      layout_loops_ring
D:8:      layout_cave_pools, marbit_many_paths, lair_entry_dummy,
          lemuel_flamethrower_2
D:9:      layout_loops_cross, lemuel_tele_altar, serial_ice, serial_ice_e,
          serial_ice_o, serial_ice_l, serial_ice_n, serial_ice_g, serial_ice_a,
          serial_ice_c, st_stairs_5, library_closet, minmay_microvault
Temple:   zaba_magenta_temple

Skill      XL: |  1  2  3  4  5  6  7  8  9 10 |
---------------+-------------------------------+-----
Axes           | 3 4 6 7 9 11 13 | 13.8
Fighting       | 4 5 6 7 8 10 | 10.6
Armour         | 5 6 |  6.4
Shields        | |  3.6

Action                   |  1- 3 |  4- 6 |  7- 9 | 10-12 || total
-------------------------+-------+-------+-------+-------++-------
Melee: War axe           |    52 |    92 |   347 |    51 ||   542
       Headbutt          |     6 |    15 |    66 |     8 ||    95
       Unarmed           |       |     1 |       |       ||     1
  Use: Potion            |       |       |     6 |     2 ||     8
Armor: Scale mail        |    25 |    22 |    17 |       ||    64
       Plate armour      |       |       |   193 |    79 ||   272
Dodge: Dodged            |    20 |    25 |    69 |    19 ||   133
Block: Kite shield       |    29 |    42 |   190 |    65 ||   326

Table legend: (Time is in decaauts)
 A = Elapsed time spent in this place.
 B = Non-inter-level travel time spent in this place.
 C = Inter-level travel time spent in this place.
 D = Time resting spent in this place.
 E = Time spent auto-exploring this place.
 F = Levels seen in this place.
 G = Mean time per level.
                   A        B        C        D        E       F      G
               +--------+--------+--------+--------+--------+-----+--------+
         Total |  10567 |  10199 |    368 |   2771 |   6125 |  11 |  960.6 |
       Dungeon |   9984 |   9618 |    366 |   2610 |   5933 |   9 | 1109.3 |
        Temple |     75 |     73 |      2 |      0 |     54 |   1 |   75.0 |
       Ossuary |    507 |    507 |      0 |    161 |    138 |   1 |  507.0 |
               +--------+--------+--------+--------+--------+-----+--------+

Top non-repeatable levels by time:
     D:7: 1735 daAuts
     D:6: 1604 daAuts
     D:4: 1457 daAuts
     D:8: 1095 daAuts
     D:9: 975 daAuts
     D:5: 907 daAuts
     D:3: 864 daAuts
     D:1: 702 daAuts
     D:2: 640 daAuts
 Ossuary: 507 daAuts
  Temple: 75 daAuts
